Cogmind - Beta 14 @@@ ROGUE MODE // 2024.09.11 @ 19:01:37 Player: Corvi Result: Destroyed by D-53 Grenadier with Mini Grenade Launcher Performance ------------- Evolutions (0) 0 Regions Visited (2) 400 Robots Destroyed (16) 80 Value Destroyed (170) 170 Prototype IDs (0) 0 Alien Tech Used (0) 0 Bonus (0) 0 TOTAL SCORE: 650 Bonus ------- None Cogmind --------- Core Integrity 0/250 Matter 291/300 Energy 68/100 System Corruption 1% Temperature Cool (0) Movement Core (400) Ox7 Location -10/Mines Parts ------- > --- POWER (1) -------- (None) > --- PROPULSION (2) --- (None) > --- UTILITY (2) ------ Large Storage Unit > --- WEAPON (2) ------- Assault Rifle > --- INVENTORY (15) --- Improved Ion Engine Hover Unit Cryofiber Web Disposable Heat Sink Structural Scanner Trap Scanner Targeting Computer Hardened Light Armor Plating Shock Rifle Grenade Launcher Grenade Launcher Grenade Launcher Mace Peak State ------------ > --- POWER ------------ Improved Ion Engine > --- PROPULSION ------- Light Treads Light Treads > --- UTILITY ---------- Large Storage Unit Hardened Light Armor Plating > --- WEAPON ----------- Grenade Launcher Mace > --- INVENTORY -------- Improved Ion Engine Hover Unit Cryofiber Web Disposable Heat Sink Structural Scanner Trap Scanner Hardened Light Armor Plating Shock Rifle Shock Rifle Assault Rifle Grenade Launcher Grenade Launcher Grenade Launcher Grenade Launcher Mace [Rating: 12] Favorites ----------- Power Light Ion Engine Engine Light Ion Engine Propulsion Light Treads Treads Light Treads Utility Large Storage Unit Device Structural Scanner Storage Large Storage Unit Protection Hardened Light Armor Plating Weapon Assault Rifle Energy Gun Medium Laser Ballistic Gun Assault Rifle Launcher Grenade Launcher Impact Weapon Mace Build | -11 -10 -10 ------- Run | Yrd Mat Min Slots Evolved . | . . . Power . | . . . Propulsion . | . . . Utility . | . . . Weapon . | . . . Parts Attached 19 | 7 8 4 Power 2 | 1 1 . Engine 2 | 1 1 . Core . | . . . Reactor . | . . . Propulsion 4 | 2 2 . Treads 4 | 2 2 . Leg . | . . . Wheel . | . . . Hover . | . . . Flight . | . . . Utility 4 | 1 3 . Device 1 | . 1 . Storage 2 | 1 1 . Processor . | . . . Hackware . | . . . Protection 1 | . 1 . Artifact . | . . . Weapon 9 | 3 2 4 Energy Gun 2 | 1 . 1 Energy Cannon . | . . . Ballistic Gun 4 | 2 1 1 Ballistic Cannon . | . . . Launcher 2 | . 1 1 Special Weapon . | . . . Impact Weapon 1 | . . 1 Slashing Weapon . | . . . Piercing Weapon . | . . . Special Melee Weapon . | . . . Unidentified Prototypes . | . . . Parts Lost 7 | . . 7 Power 1 | . . 1 Propulsion 2 | . . 2 Utility 1 | . . 1 Weapon 3 | . . 3 Highest Loss Streak 6 | . . 6 To Critical Strikes . | . . . Average Slot Usage (%) 98 | . 97 99 Engine 13 | . 14 13 Treads 28 | . 28 28 Device 1 | . 2 . Storage 14 | . 14 14 Protection 11 | . 9 14 Ballistic Gun 14 | . 20 7 Launcher 10 | . 7 13 Impact Weapon 2 | . . 6 Peak Build Rating 12 | 6 11 12 Average Rating 9 | 5 8 11 On Entrance 5 | . 6 11 Naked Turns . | . . . Heaviest Build 37 | 11 37 37 Greatest Support 40 | 40 40 40 Greatest Overweight (x) 2 | 2 . . Average Overweight (x) . | . . . Largest Inventory Capacity 15 | 8 15 15 Average Capacity 14 | 7 14 15 Most Carried 15 | 2 15 15 Average Carried 12 | 1 10 14 Final Capacity 15 | 8 15 15 Final Carried 15 | 2 15 13 Class Distribution -------------------- 100% | Mutant Dominant Class ---------------- Mutant | -10/Materials Mutant | -10/Mines Resources | -11 -10 -10 ----------- Run | Yrd Mat Min Matter Collected 456 | 207 125 124 Remotely . | . . . Salvage Created 254 | . 231 23 Parts 26 | . 23 3 Haulers Intercepted 1 | . 1 . Recyclers Shooed . | . . . Parts Field Recycled . | . . . Retrieved Matter . | . . . Parts Self-Destructed . | . . . Prevented . | . . . Kills | -11 -10 -10 ------- Run | Yrd Mat Min Combat Hostiles Destroyed 13 | . 10 3 Guns 8 | . 8 . AOE 5 | . 2 3 Classes Destroyed 7 | . 5 2 Worker 1 | . 1 . Tunneler 1 | . . 1 Hauler 1 | . 1 . Watcher 1 | . 1 . Swarmer 11 | . 9 2 Grunt 1 | . 1 . Assembled 1 | . . 1 Best Kill Streak 4 | . 4 3 Combat Bots Only 3 | . 3 3 Max Kills in Single Turn 2 | . 1 2 Gunslinging . | . . . Exploded 2 | . 1 2 Melee . | . . . Uniques/NPCs Destroyed . | . . . Combat | -11 -10 -10 -------- Run | Yrd Mat Min Hostile Shots Fired 65 | . 43 22 Missed 19 | . 15 4 Damage Taken 1205 | . 230 975 Core 255 | . 32 223 Absorbed by Shields . | . . . Core Remaining (%) 100 | 100 . . Volleys Fired 39 | . 30 9 Largest 2 | . 2 2 Hottest 70 | . 40 70 Shots Fired 55 | . 45 10 Gun 46 | . 42 4 Cannon . | . . . Launcher 9 | . 3 6 Special . | . . . Kinetic 45 | . 42 3 Thermal . | . . . Explosive 9 | . 3 6 Electromagnetic 1 | . . 1 Robot Hit Streak 5 | . 5 . Robot Miss Streak 5 | . 5 4 Penetration Max . | . . . Secondary Targets 2 | . 2 . Max Gunslinging Chain 1 | . 1 . Shots Hit Robots 21 | . 20 1 Core Hits 32 | . 21 11 Critical Kills . | . . . Critical Parts Destroyed . | . . . Critical Strikes . | . . . Melee Attacks 6 | . . 6 Impact 6 | . . 6 Slashing . | . . . Piercing . | . . . Sneak Attacks 1 | . . 1 Combat Hostiles . | . . . Follow-up Attacks . | . . . Damage Inflicted 753 | . 390 363 Guns 259 | . 246 13 Cannons . | . . . Explosions 424 | . 128 296 Melee 50 | . . 50 Ramming 20 | . 16 4 Kinetic 259 | . 246 13 Thermal . | . . . Explosive 424 | . 128 296 Electromagnetic . | . . . Impact 50 | . . 50 Slashing . | . . . Piercing . | . . . Highest Corruption 1 | . . 1 Average Corruption 1 | . . 1 Corruption Purged . | . . . Corruption Blocked . | . . . Effects 3 | . . 3 Matter Fused 2 | . . 2 Data Loss (minor) 1 | . . 1 Overload Shots . | . . . Overflow Damage 51 | . 7 44 Projectiles . | . . . Explosions 21 | . 7 14 Melee 30 | . . 30 Knockbacks . | . . . Impact . | . . . Kinetic . | . . . Secondary . | . . . Self-Inflicted Damage 5 | . 5 . Shots 1 | . 1 . Rammed 2 | . 1 1 Targets Rammed 2 | . 1 1 Kicked . | . . . Crushed . | . . . Highest Temperature 10 | . . 10 Average Temperature 5 | . . 5 Received Heat Transfer . | . . . Siege Activations . | . . . Robots Corrupted 1 | . . 1 Combat Hostiles . | . . . Parts Fried 2 | . . 2 Impact Corruptions 1 | . . 1 Robots Melted . | . . . Combat Hostiles . | . . . Parts Melted . | . . . Heat Transferred . | . . . Parts Sabotaged . | . . . Parts Stolen . | . . . Parts Stripped . | . . . Power Chain Reactions . | . . . Alert | -11 -10 -10 ------- Run | Yrd Mat Min Peak Influence 190 | . 190 120 Initial 6 | . . 6 Average 63 | . 102 25 Maximum Alert Level . | . . . Low Security (%) 100 | 100 100 100 Level 1 . | . . . Level 2 . | . . . Level 3 . | . . . Level 4 . | . . . Level 5 . | . . . High Security . | . . . Max Security . | . . . Squads Dispatched 2 | . 1 1 Investigation 1 | . . 1 Extermination . | . . . Reinforcement 1 | . 1 . Assault . | . . . Garrison . | . . . Intercept . | . . . Searches Triggered . | . . . Construction Impeded . | . . . Haulers Reinforced . | . . . Active Scanning Responses . | . . . Cargo Convoy Interrupts . | . . . Stealth | -11 -10 -10 --------- Run | Yrd Mat Min Distress Signals . | . . . Communications Jammed . | . . . Distress Signals . | . . . Times Spotted 25 | . 15 10 Peak Tracking Total 8 | . 4 8 Tactical Retreats 3 | . 2 1 Traps | -11 -10 -10 ------- Run | Yrd Mat Min Traps Triggered . | . . . Indirectly . | . . . Trap Hack Attempts . | . . . Triggered . | . . . Disarmed . | . . . Reprogrammed . | . . . Reused . | . . . Traps Extracted . | . . . Installed . | . . . Triggered . | . . . Machines | -11 -10 -10 ---------- Run | Yrd Mat Min Machines Disabled . | . . . Max in Single Turn . | . . . Machines Repaired . | . . . Machines Dismantled . | . . . Machines Sabotaged . | . . . Overloaded Fab Kills . | . . . Hacking | -11 -10 -10 --------- Run | Yrd Mat Min Machines Accessed 7 | . 6 1 Terminals 5 | . 5 . Fabricators . | . . . Repair Stations . | . . . Recycling Units 1 | . 1 . Scanalyzers . | . . . Garrison Access . | . . . Total Hacks 18 | . 17 1 Successful 11 | . 10 1 Failed 7 | . 7 . Catastrophic . | . . . Database Lockouts . | . . . Manual 12 | . 12 . Terminals 13 | . 13 . Fabricators . | . . . Repair Stations . | . . . Recycling Units 4 | . 4 . Scanalyzers . | . . . Garrison Access . | . . . Terminal Hacks 2 | . 1 1 Open Door 1 | . . 1 Alert Level 1 | . 1 . Fabricator Hacks . | . . . Repair Station Hacks . | . . . Recycling Unit Hacks 3 | . 3 . Recycle Component 1 | . 1 . Process 1 | . 1 . Retrieve Matter 1 | . 1 . Scanalyzer . | . . . Garrison Access Hacks . | . . . Unauthorized Hacks 6 | . 6 . Terminals 6 | . 6 . Assimilate 3 | . 3 . Botnet 3 | . 3 . Fabricators . | . . . Repair Stations . | . . . Recycling Units . | . . . Scanalyzers . | . . . Garrison Access . | . . . Data Cores Recovered . | . . . Used . | . . . Hacking Detections 5 | . 5 . Full Trace Events 1 | . 1 . Feedback Events . | . . . Feedback Blocked . | . . . Robot Schematics Acquired . | . . . Robots Built . | . . . Authchips . | . . . Time . | . . . Total Robot Build Rating . | . . . Part Schematics Acquired . | . . . Parts Built . | . . . Authchips . | . . . Time . | . . . Total Part Build Rating . | . . . Parts Repaired . | . . . Time . | . . . Parts Recycled 1 | . 1 . Recycled Matter 296 | . 296 . Retrieved Matter 333 | . 333 . Retrieved Components . | . . . Parts Scanalyzed . | . . . Part Schematics Acquired . | . . . Parts Damaged . | . . . Bothacking | -11 -10 -10 ------------ Run | Yrd Mat Min Used RIF Installer . | . . . Robots Hacked . | . . . Non-combat . | . . . Combat . | . . . Robot Hacks Applied . | . . . Relay Couplers Released . | . . . Fabnet Peak Effective % . | . . . Robots Rewired . | . . . Allies Hacked . | . . . Hacks Repelled . | . . . Allies | -11 -10 -10 -------- Run | Yrd Mat Min Total Allies . | . . . Largest Group . | . . . Highest-Rated Group . | . . . Highest-Rated Ally . | . . . Total Orders . | . . . Ally Attacks . | . . . Total Damage . | . . . Kills . | . . . Allies Corrupted . | . . . Allies Melted . | . . . Intel | -11 -10 -10 ------- Run | Yrd Mat Min Robot Analysis Total . | . . . Derelict Logs Recovered 1 | . . 1 Drone Launches . | . . . Drone Recoveries . | . . . Exploration | -11 -10 -10 ------------- Run | Yrd Mat Min Turns Passed 1792 | 85 921 786 Spaces Moved 1005 | 48 500 457 Core 4 | 4 . . Treads 1001 | 44 500 457 Legs . | . . . Wheels . | . . . Hover . | . . . Flight . | . . . Fastest Speed 50 | 50 160 160 Average Speed 159 | 152 160 160 Slowest Speed 160 | 160 160 160 Overloaded Moves . | . . . Propulsion Burnouts . | . . . Robots Hopped . | . . . Cave-ins Triggered 1 | . . 1 Exploration Rate (%) 52 | 5 77 76 Regions Visited 2 Branch Regions 1 Pre-discovered Areas . | . . . Known Exits Taken . | . . . Unknown Exits Taken 2 | 1 1 . Scrap Searched 1 | . . 1 Spaces Dug 3 | . . 3 Terrain Destroyed 44 | . 18 26 Melee 3 | . . 3 Projectile . | . . . AOE 41 | . 18 23 Terrain Rammed . | . . . Walls Destroyed . | . . . Machines Disabled . | . . . Actions | -11 -10 -10 --------- Run | Yrd Mat Min Total 1128 | 56 579 493 Wait 23 | . 17 6 Move 1003 | 47 499 457 Hop . | . . . Pick Up 23 | 2 16 5 Fast Attach 11 | 6 5 . Attach 4 | . 1 3 Detach 1 | . 1 . Swap 4 | 1 2 1 Drop 12 | . 7 5 Fire 39 | . 30 9 Melee 6 | . . 6 Ram . | . . . Kick . | . . . Crush 2 | . 1 1 Escape Stasis . | . . . Rewire . | . . . Trap . | . . . Miscellaneous . | . . . Route ------- -11/Scrapyard -10/Materials (discovered 5 exits: [*Mat x3] / *Min x2) -10/Mines History --------- Turn | Location | Event 32 | -11/Scrapyard | Discovered new exit (range 15) 86 | -11/Scrapyard | Entered Materials 306 | -10/Materials | Build established: Mutant 409 | -10/Materials | Discovered new exit (range 4) 443 | -10/Materials | Discovered new exit (range 11) 528 | -10/Materials | Discovered new exit (range 16) 735 | -10/Materials | Discovered new exit (range 16) 922 | -10/Materials | Discovered new exit (range 7) 986 | -10/Materials | Derelicts attacked the area 1007 | -10/Materials | Entered Mines 1018 | -10/Mines | Met a Derelict shopkeep closing up shop 1046 | -10/Mines | Met a Derelict bent on vengeance 1322 | -10/Mines | Learned Materials trap positions 1445 | -10/Mines | Crushed by falling debris 1622 | -10/Mines | Assembled infested the area 1778 | -10/Mines | Core integrity fell below 50% 1787 | -10/Mines | Core integrity fell below 20% 1793 | -10/Mines | Destroyed by D-53 Grenadier with Mini Grenade Launcher Last Messages --------------- The unstable cave ceiling collapses. Acquired 46 matter. Acquired 14 matter. Sneak attack on T-07 Excavator. Destroyed Seismic Detector. T-07 Excavator system corrupted by crushing effect. T-07 Excavator system terminally corrupted. Imp. Terrain Scanner fried. Wheel fried. System corrupted: Matter fused (-6). The unstable cave ceiling collapses. Imp. Ion Engine destroyed. Grenade Launcher destroyed. Dropped Mace. The unstable cave ceiling collapses. Shock Rifle destroyed. Lgt. Treads destroyed. Hrd. Light Armor Plating destroyed. Lgt. Treads destroyed. The unstable cave ceiling collapses. Map ----- +----------------------------------------------------+ | ????# ####??????# #????# #? | | ????# #??????# #????# ## #? | | ????#### #??????# #????## #### ##? | | ???????# #??????# #?????### ####?## ########?? | | ???????# #??????# #???????####????# ##????####? | | ###????# #??????# #####???????????# ##??### ## | | ###??# #??##### #???????????# #### # | | #### #### ###### #????####???# ## | | ##??# #????# ##?## | | ### ### ##?# #????# ##?### # | | #?# ### ### #?????# ##??## ## | | ## ## #??????# #???## ## #? | | ### ####### ## #??????# #????## ### #? | | ??#####?????# ### #??????## #?????# #?# #? | | ????????????# ##?# #??????## ##????# #?# #? | | ????????????## ##??# ######## #????# ### #? | | ?????????????####???# #???## ## | | ????????????????????###### #???# # | | ?????????????????????????# ########???# # | | ?????????????????????????# #??????????# # | | ????????????????????###### r############# ## | | ???????????????????## # #?# #? | | ??????????????????### r #?# ## | | ??????????????????# #%#### #?# # | | ??????????????????# # #??# ### | | ??????????????????# @ %#??# ## | | ?????????????????## ###??# | | ?????????????????# #???## ### # | | ?????????????????## dd # ##???# #??### | | ??????????????????# # ##????# ##???? | | ?????????????????# # ##????## ####? | | ????????????????## # #?????## ## | | ???????????????## #?????## # | | ?????# # ### ####### # | | ?? ### # | | ????# ######## # | | ????## # ##????## # | | ?????? ##????## # | | ???????# # ##?????# ## | | ???????# * # ####?????# ####### #? | | ???????## % # #????????# ########?????## #? | | ????????# [ ##?????????## #??????????????## ##? | | ????????## =?????????????###????????????????# #?? | | ?????????##?????????????????????????????????# #?? | | ???????????????????????????????????????????## #?? | | ??????????????????????????????????????????## #?? | | ?????????????????????????????????????###### ##? | | ????????????????????????????????????##""## ## | | ????????????????????????????????????#"=! # # | | ????????????????????????????????????#" # # | +----------------------------------------------------+ Best States ------------- Heat Dissipation 25 Energy Generation 12 Energy Capacity 265 Matter Stores 300 Matter Capacity 300 Sight Range 16 Terrain Scan Density 10 Armor Coverage 150 Evasion (%) 40 Recoil Reduction 2 Item Schematics ----------------- None Robot Schematics ------------------ None Fabricated ------------ Nothing Alien Tech Used ----------------- None Achievements -------------- Quantum Hacking Challenges ------------ None Game ------ Seed ShieldSuperquantumScanner Manual? 0 Play Time 00:14:48 Cumulative 19.7 hours Start 2024.09.11 @ 11:00:54 End 2024.09.11 @ 19:01:37 Sessions 3 Manual Loads 0 Difficulty Rogue Special Mode None Game No. 21 Rogue 21 Adventurer 0 Explorer 0 Win Type - Total 0 Types 0/0/0/0/0/0/0/0/0 Lore% 9 Gallery% 25 Achievement% 26 Wizard Run 0 Options --------- Layout 0 ASCII 0 Keyboard 0 Movement Arrows Keybinds 0 Fullscreen 1 Font 18/SmallcapsGlow Map View 76x50 Zoom Use 0% Tactical HUD 0 Map Filters NONE Filters NONE Steam 0 RUN: 68e75f19-dce8-43e3-9373-5d67e950d9a7